 Dungeon Crawl Stone Soup version 0.28-a0-664-gc179e30c89 (webtiles) character file.

Game seed: 5942827269680623358

2025 timneilson the Covered (level 9, -4/54 HPs)
             Began as a Gargoyle Fighter on Oct 16, 2021.
             Slain by a white ugly thing (16 damage)
             ... on level 6 of the Dungeon.
             The game lasted 00:08:41 (6420 turns).

timneilson the Covered (Gargoyle Fighter)           Turns: 6420, Time: 00:08:41

Health: -4/54      AC: 16    Str: 23    XL:     9   Next: 23%
Magic:  9/9        EV: 13    Int:  9    God:
Gold:   281        SH:  5    Dex:  9    Spells: 8/8 levels left

rFire   . . .      SeeInvis .   a - +0 long sword
rCold   . . .      Faith    .   c - +0 buckler
rNeg    + . .      Spirit   .   s - +0 chain mail
rPois   ∞          Reflect  .   (no helmet)
rElec   +          Harm     .   (no cloak)
rCorr   .          Rampage  .   t - +2 pair of gloves
Will    +....                   (no boots)
Stlth   ..........              (no amulet)
HPRegen 0.18/turn               h - ring of willpower
MPRegen 0.11/turn               o - +4 ring of evasion

@: corroded
A: sickness immunity, AC +6, negative energy resistance 1, electricity
resistance, torment resistance 1, petrification resistance
a: no special abilities


You were on level 6 of the Dungeon.
You visited 1 branch of the dungeon, and saw 6 of its levels.

You collected 281 gold pieces.

Inventory:

Hand Weapons
 a - a +0 long sword (weapon)
Armour
 c - a +0 buckler (worn)
 s - a +0 chain mail (worn)
 t - a +2 pair of gloves (worn)
Jewellery
 h - a ring of willpower (left hand)
 o - a +4 ring of evasion (right hand)
Wands
 l - a wand of polymorph (2)
Scrolls
 i - 2 scrolls of identify
 k - a scroll of fog
 m - 3 scrolls of teleportation
 q - a scroll of fear
Potions
 b - a potion of haste
 d - a potion of might
 e - a potion of attraction
 f - a potion of heal wounds
 g - 5 potions of curing
 j - a potion of flight
 n - a potion of lignification
 r - a potion of resistance


   Skills:
 + Level 5.4 Fighting
 * Level 5.4 Long Blades
 * Level 7.0 Armour
 + Level 3.0 Dodging
 * Level 6.9 Shields
 + Level 3.0 Evocations


You had 8 spell levels left.
You didn't know any spells.
Your spell library contained the following spells:

 Spells                   Type           Power      Damage    Failure   Level
 Magic Dart               Conj           0%         1d3       95%         1
 Blink                    Tloc           N/A        N/A       99%         2
 Scorch                   Fire           0%         2d5       99%         2
 Searing Ray              Conj           0%         2d4       99%         2
 Gell's Gravitas          Tloc           0%         N/A       100%        3
 Lesser Beckoning         Tloc           0%         N/A       100%        3
 Teleport Other           Tloc           0%         N/A       100%        3
 Tukima's Dance           Hex            0%         N/A       100%        3
 Flame Wave               Conj/Fire      0%         3d3       100%        4
 Fulminant Prism          Conj/Hex       0%         3d6       100%        4
 Passage of Golubria      Tloc           N/A        N/A       100%        4
 Manifold Assault         Tloc           0%         N/A       100%        5
 Yara's Violent Unravell  Hex/Tmut       0%         3d3       100%        5
 Dispersal                Tloc           0%         N/A       100%        6
 Summon Cactus Giant      Summ           0%         N/A       100%        6
 Storm Form               Tmut/Air       0%         N/A       100%        7


Dungeon Overview and Level Annotations

Branches:
Dungeon (6/15)
 Temple: D:4-7

Altars:
Dithmenos
Elyvilon
Zin

Shops:
D:5 [

Annotations:
D:5 2 runed translucent doors
D:6 2 runed translucent doors


Innate Abilities, Weirdness & Mutations

You are immune to sickness and miasma.
Your stone body is resilient. (AC +6)
You are immune to poison.
You resist negative energy. (rN+)
You are resistant to electric shocks. (rElec)
You are resistant to unholy torment.
You are immune to petrification.


Message History

The brown ugly thing barely misses you.
You hit the brown ugly thing.
The brown ugly thing is lightly wounded.
The brown ugly thing pecks you but does no damage.
Unknown command.
You closely miss the brown ugly thing.
The brown ugly thing is lightly wounded.
The brown ugly thing pecks you but does no damage.
You hit the brown ugly thing but do no damage.
The brown ugly thing is lightly wounded.
You block the brown ugly thing's attack.
Unknown command.
You slash the brown ugly thing!
The brown ugly thing is moderately wounded.
The brown ugly thing misses you.
You hit the brown ugly thing but do no damage.
The brown ugly thing is moderately wounded.
The brown ugly thing closely misses you.
The hound stops to sniff the ground.
You slash the brown ugly thing!
The brown ugly thing is heavily wounded.
The brown ugly thing pecks you. The acid corrodes you!
You are splashed with acid!
The brown ugly thing barely misses you.
You barely miss the brown ugly thing.
The brown ugly thing is heavily wounded.
The brown ugly thing pecks you.
You are splashed with acid!
* * * LOW HITPOINT WARNING * * *
Unknown command.
You hit the brown ugly thing but do no damage.
The brown ugly thing is heavily wounded.
The brown ugly thing pecks you but does no damage.
Unknown command.
Aiming: Polymorph
Press: ? - help, Shift-Dir - straight line, f/p - brown ugly thing
Aim: a brown ugly thing (moderately wounded, will change colour)
The brown ugly thing basks in the mutagenic energy and changes!
The white ugly thing headbutts you.
* * * LOW HITPOINT WARNING * * *
The white ugly thing freezes you!
You die...

#.......# ..
#.......# ....
#.......# ...
#.......#
...###.......#
#..........#
#.......####
####.......#######
...........J5Shu@#
##.........#######
8##........#
.8#...######
.O+...# .H+.###
.8#.#####
8##.....#
##.5....#


You could see a white ugly thing, a hound, a jelly, an adder and an ufetubus.

Vanquished Creatures
  6 yaks (D:5)
  A black bear (D:6)
  An ogre (D:5)
  A necrophage (D:6)
  2 centaurs
  A phantom (D:4)
  3 orc priests (D:4)
  3 hounds
  A jelly (D:6)
  Jessica (D:2)
  A centaur skeleton (D:4)
  2 iguanas (D:5)
  Natasha (thrice) (D:2)
  3 orc wizards
  A killer bee zombie (D:5)
  A hound skeleton (D:4)
  A howler monkey skeleton (D:5)
  5 adders
  A white imp (D:5)
  An ufetubus (D:4)
  A worm (D:3)
  2 dart slugs (D:2)
  13 orcs
  10 ball pythons
  9 endoplasms
  2 giant cockroaches
  4 goblins
  6 hobgoblins
  A quokka (D:2)
  3 bats
  A frilled lizard (D:2)
  5 kobolds
  A rat (D:3)
97 creatures vanquished.

Vanquished Creatures (others)
  10 plants
10 creatures vanquished.

Grand Total: 107 creatures vanquished

Notes
Turn   | Place    | Note
-------+----------+-------------------------------------------
     0 | D:1      | timneilson the Gargoyle Fighter began the quest for the
                  | Orb.
     0 | D:1      | Reached XP level 1. HP: 14/14 MP: 1/1
    20 | D:1      | Found a faded altar of an unknown god.
   193 | D:1      | Reached XP level 2. HP: 19/19 MP: 2/2
   983 | D:2      | Noticed Jessica
   995 | D:2      | Killed Jessica
   996 | D:2      | Reached XP level 3. HP: 16/23 MP: 3/3
  1115 | D:2      | Noticed Natasha
  1121 | D:2      | Killed Natasha
  1122 | D:2      | Reached skill level 4 in Armour
  1122 | D:2      | Reached XP level 4. HP: 27/28 MP: 4/4
  1473 | D:2      | Noticed Natasha
  1481 | D:2      | Killed Natasha
  1482 | D:2      | Reached XP level 5. HP: 27/33 MP: 5/5
  1565 | D:2      | Noticed Natasha
  1572 | D:2      | Killed Natasha
  1573 | D:2      | Reached skill level 1 in Dodging
  1895 | D:2      | Found the +8 demon trident "Rift" {distort, reach+}
  2700 | D:3      | Found a shadowy altar of Dithmenos.
  2845 | D:3      | Found a white marble altar of Elyvilon.
  3190 | D:4      | Noticed a phantom
  3209 | D:4      | Killed a phantom
  3210 | D:4      | Reached XP level 6. HP: 33/38 MP: 6/6
  3619 | D:4      | Reached skill level 1 in Evocations
  3633 | D:4      | Reached skill level 5 in Armour
  3879 | D:4      | Reached XP level 7. HP: 26/43 MP: 7/7
  3917 | D:4      | Reached skill level 5 in Shields
  4741 | D:5      | Entered Level 5 of the Dungeon
  5429 | D:5      | Found a large runed translucent door.
  5434 | D:5      | Found a large runed translucent door.
  5453 | D:5      | Found Joegeale's Armour Shoppe.
  5723 | D:5      | Noticed a yak
  5745 | D:5      | Reached XP level 8. HP: 30/48 MP: 8/8
  5759 | D:5      | Killed a yak
  5770 | D:5      | Noticed a yak
  5770 | D:5      | Noticed a yak
  5771 | D:5      | Noticed a yak
  5772 | D:5      | Noticed a yak
  5777 | D:5      | Killed a yak
  5778 | D:5      | Reached skill level 6 in Armour
  5779 | D:5      | Noticed a yak
  5787 | D:5      | Killed a yak
  5790 | D:5      | Killed a yak
  5791 | D:5      | Reached skill level 5 in Fighting
  5798 | D:5      | Killed a yak
  5799 | D:5      | Reached skill level 5 in Long Blades
  5809 | D:5      | Killed a yak
  5810 | D:5      | Reached XP level 9. HP: 26/54 MP: 9/9
  6165 | D:5      | Found a glowing silver altar of Zin.
  6319 | D:6      | Found a large runed translucent door.
  6319 | D:6      | Found a large runed translucent door.
  6335 | D:6      | Noticed a manticore
  6336 | D:6      | Noticed a two-headed ogre
  6390 | D:6      | Noticed a cyan ugly thing
  6391 | D:6      | Reached skill level 7 in Armour
  6420 | D:6      | Slain by a white ugly thing

Illustrated notes

Levels and vault maps discovered:
D:1:      saegor_arrival_simple_e, layout_loops_cross, basic_ecumenical_altar,
          minivault_11, hangedman_abyss_or_decor_lesser_grid
D:2:      wad_lake_hut, layout_rooms, minmay_misc_feat_cross,
          minmay_strange_pillars, minivault_5, uniq_natasha, uniq_jessica
D:3:      layout_loops_corners, nicolae_overflow_hidden_temple,
          lemuel_doored_altar, serial_bayou_pond_b, minivault_14
D:4:      layout_basic, serial_rivers, chequers_serial_rivers_small_b,
          chequers_serial_rivers_large_a, chequers_serial_rivers_small_b,
          chequers_serial_rivers_small_3, chequers_serial_rivers_small_b,
          chequers_serial_rivers_micro_e
D:5:      layout_basic, zin_scriptorium, jmf_multi_god_temple2, serial_rivers,
          chequers_serial_rivers_small_b, chequers_serial_rivers_micro_c,
          chequers_serial_rivers_micro_c, chequers_serial_rivers_small_a,
          chequers_serial_rivers_micro_b, chequers_serial_rivers_large_b,
          serial_shops, shop
D:6:      layout_basic, amethyst_overflow_temple_binary,
          minmay_hollow_rounded_squares, uniq_crazy_yiuf_cottage

Skill      XL: |  1  2  3  4  5  6  7  8  9 |
---------------+----------------------------+-----
Long Blades    | 2 3 4 5 |  5.4
Armour         | 4 5 6 7 |  7.0
Shields        | 4 5 6 |  6.9
Dodging        | 1 2 3 |  3.0
Fighting       | 4 5 |  5.4
Evocations     | 1 2 3 |  3.0

Action                   |  1- 3 |  4- 6 |  7- 9 || total
-------------------------+-------+-------+-------++-------
Melee: Long sword        |    74 |   170 |   267 ||   511
Evoke: Wand              |       |       |     2 ||     2
  Use: Scroll            |     3 |     7 |     4 ||    14
       Potion            |       |     2 |     2 ||     4
Armor: Scale mail        |    31 |    92 |    24 ||   147
       Chain mail        |       |       |   141 ||   141
Dodge: Dodged            |    32 |   119 |   184 ||   335
Block: Buckler           |    14 |    42 |    63 ||   119

Table legend: (Time is in decaauts)
 A = Elapsed time spent in this place.
 B = Non-inter-level travel time spent in this place.
 C = Inter-level travel time spent in this place.
 D = Time resting spent in this place.
 E = Time spent auto-exploring this place.
 F = Levels seen in this place.
 G = Mean time per level.
                   A        B        C        D        E       F      G
               +--------+--------+--------+--------+--------+-----+--------+
         Total |   6631 |   6464 |    167 |    243 |   5117 |   6 | 1105.2 |
       Dungeon |   6631 |   6464 |    167 |    243 |   5117 |   6 | 1105.2 |
               +--------+--------+--------+--------+--------+-----+--------+

Top non-repeatable levels by time:
     D:4: 1634 daAuts
     D:5: 1630 daAuts
     D:2: 1568 daAuts
     D:3: 976 daAuts
     D:1: 703 daAuts
     D:6: 118 daAuts
